 Dungeon Sprint DCSS version 0.30-a0-738-g116ff8c4af (webtiles) character file.

Game seed: 15767701412958778607

9666 sircluck the Ninja (level 11, -11/48 HPs)
             Began as a Spriggan Brigand on Feb 3, 2023.
             Mangled by a demonic crawler (14 damage)
             ... in the Dungeon (Sprint I: "Red Sonja").
             The game lasted 00:14:51 (3126 turns).

sircluck the Ninja (Spriggan Brigand)               Turns: 3126, Time: 00:14:51

Health: -11/48     AC:  4    Str:  3      XL:     11   Next: 26%
Magic:  8/8        EV: 23    Int:  9      God:
Gold:   419        SH:  0    Dex: 16 (19) Spells: 10/10 levels left

rFire   . . .      SeeInvis +    r - +8 rapier of Causality {flame, rPois rF+++ rC- Stlth+}
rCold   x x .      Faith    .    (no shield)
rNeg    . . .      Spirit   .    m - +2 robe {rC+}
rPois   +          Reflect  .    (helmet restricted)
rElec   .          Harm     .    c - +0 cloak
rCorr   .          Rampage  .    (gloves unavailable)
Will    +....      Rage     9%   (boots unavailable) Stlth *+++++++++ NoTele +
                                 (no amulet)
HPRegen 0.28/turn                (no ring)
MPRegen 0.11/turn                (no ring)

@: on berserk cooldown, slowed, unable to read, unable to drink, quick
A: very small, no large weapons, unfitting armour, see invisible, speed 3, horns
1, berserk 2, clumsy 1, deformed body, deterioration 1, dopey 2, frail 2, low MP
3, screaming 1, weak 2, no potion heal 2, cold vulnerability 2, heat
vulnerability 3, subdued magic 3, inability to drink after injury 2, inability
to read after injury 2, devolution 1
a: no special abilities


You were in the Dungeon.
You visited 1 branch You collected 1570 gold pieces.
You spent 1151 gold pieces at shops.

Inventory:

Hand Weapons
 a - a +2 dagger
 j - a +0 dagger of distortion
 o - a +0 dagger of draining
 r - the +8 rapier of Causality (weapon) {flame, rPois rF+++ rC- Stlth+}
   (You bought it in a shop in the Dungeon)

   rF:        It renders you almost immune to fire.
   rC:        It makes you vulnerable to cold.
   rPois:     It protects you from poison.
   Stlth:     It makes you more stealthy.
 t - a +0 shortbow
 v - a +2 morningstar of holy wrath
Missiles
 e - 6 curare-tipped darts (quivered)
 l - 9 poisoned darts
 x - 11 stones
 A - 5 boomerangs
Armour
 b - a +0 robe
 c - a +0 cloak (worn)
 f - a +0 pair of boots
 m - a +2 robe of cold resistance (worn)
 u - a +1 scale mail of cold resistance
Jewellery
 y - a +6 ring of strength
 z - an amulet of guardian spirit
Wands
 d - a wand of digging (5)
Scrolls
 n - a scroll of enchant weapon {unknown}
 s - a scroll of identify {unknown}
Potions
 g - 2 potions of heal wounds
 h - a potion of haste
 i - 2 potions of magic
 p - 3 potions of curing
 q - 3 potions of lignification
 w - a potion of brilliance {unknown}


   Skills:
 + Level 8.5 Fighting
 + Level 16.0 Short Blades
 + Level 10.1 Throwing
 + Level 9.5 Dodging
 O Level 27 Stealth
 + Level 0.6 Evocations


You had 10 spell levels left.
You didn't know any spells.
Your spell library was empty.

Dungeon Overview and Level Annotations

Branches:
Dungeon (1/1)

Altars:
Cheibriados
Dithmenos
Elyvilon
Fedhas
Gozag
Hepliaklqana
Kikubaaqudgha
Makhleb
Nemelex Xobeh
Okawaru
Qazlal
Ru
Sif Muna
Trog
Uskayaw
Vehumet
Wu Jian
Xom
Yredelemnul
Zin
The Shining One
Jiyva
Lugonu

Shops:
D =!?:*(?!![=([[***[![?


Innate Abilities, Weirdness & Mutations

You are very small and have problems with some larger weapons.
You are too small for most types of armour.
You have supernaturally acute eyesight. (SInv)
You cover ground extremely quickly. (Speed+++)
You have a pair of small horns on your head.
You have an uncontrollable temper.
You are clumsy. (Dex -2)
Armour fits poorly on your strangely shaped body.
Your body sometimes deteriorates upon taking damage.
You are very dopey. (Int -4)
You are very frail. (-20% HP)
Your magical capacity is extremely low. (-30% MP)
You occasionally shout uncontrollably at your foes.
You are very weak. (Str -4)
Potions cannot restore your health.
You are very vulnerable to cold. (rC--)
You are extremely vulnerable to heat. (rF---)
Your spells are much easier to cast, but much less powerful.
You sometimes lose the ability to drink potions when taking damage.
You sometimes lose the ability to read scrolls when taking damage.
You have hidden genetic defects.


Message History

You puncture the demonic crawler! You burn the demonic crawler.
You punch the demonic crawler.
The demonic crawler is severely wounded.
The demonic crawler hits you!
Your body deteriorates!
You feel dopey.
The demonic crawler hits you but does no damage.
The demonic crawler hits you!
You feel threatened and lose the ability to read scrolls!
You feel threatened and lose the ability to drink potions!
Your body deteriorates!
You feel clumsy.
You completely miss the demonic crawler.
You headbutt the demonic crawler.
The demonic crawler is severely wounded.
You completely miss the demonic crawler.
The demonic crawler is severely wounded.
You puncture the demonic crawler! You burn the demonic crawler.
You kill the demonic crawler!
You feel your intelligence returning.
Your Short Blades skill increases to level 16!
You feel a strong urge to attack something.
You can drink potions again.
You can read scrolls again.
You feel your anger nearly subside.
You are no longer berserk.
You are exhausted.
You feel yourself slow down.
The demonic crawler gives a hideous shriek!
The demonic crawler hits you!
You feel threatened and lose the ability to read scrolls!
You feel threatened and lose the ability to drink potions!
The demonic crawler completely misses you.
The demonic crawler misses you. The demonic crawler hits you!
* * * LOW HITPOINT WARNING * * *
The demonic crawler hits you!
* * * LOW HITPOINT WARNING * * *
The demonic crawler misses you. The demonic crawler hits you.
* * * LOW HITPOINT WARNING * * *
The demonic crawler closely misses you. The demonic crawler barely misses you.
The demonic crawler hits you!
You die...

######################
..'..#.)'..#__#s.'..)#
..#.)'..#..'..'s@#.s.##+#
####'#####'#__####[.sss.#
###..#...#)####..#####..+
__####..##[#~§§.§#§§# ##
_____##'#_.'§§§§.§..#
_.∩...'..._#§§§§§#§§#
_..__##_.#'##§#####'###
_____###'#.#§§).###.'.#
########.####'###.###.#


You could see 2 demonic crawlers.

Vanquished Creatures
  2 centaur warriors (D)
  Sonja (D)
  A deep troll (D)
  8 shining eyes (D)
  An oklob plant (D)
  2 demonic crawlers (D)
  2 unseen horrors (D)
  2 kobold demonologists (D)
  A hornet (D)
  Sigmund (D)
  A slime creature (D)
  A yak (D)
  2 redbacks (D)
  6 floating eyes (D)
  An ogre (D)
  7 necrophages (D)
  8 jellies (D)
  Ijyb (D)
  A ballistomycete spore (D)
49 creatures vanquished.

Vanquished Creatures (others)
  A ballistomycete spore (D)
1 creature vanquished.

Grand Total: 50 creatures vanquished

Notes
Turn   | Place    | Note
-------+----------+-------------------------------------------
     0 | D        | sircluck the Spriggan Brigand began the quest for the Orb.
     0 | D        | Reached XP level 1. HP: 10/10 MP: 2/2
     2 | D        | Noticed Ijyb
    14 | D        | Killed Ijyb
    15 | D        | Reached skill level 9 in Stealth
    15 | D        | Reached XP level 2. HP: 7/15 MP: 3/3
    22 | D        | Noticed an ogre
    25 | D        | Killed an ogre
    26 | D        | Reached skill level 12 in Stealth
    26 | D        | Reached XP level 3. HP: 11/19 MP: 4/4
    26 | D        | Reached XP level 4. HP: 13/23 MP: 5/5
   254 | D        | Noticed Sigmund
   304 | D        | Killed Sigmund
   305 | D        | Reached skill level 15 in Stealth
   305 | D        | Reached XP level 5. HP: 28/28 MP: 6/6
   305 | D        | Reached XP level 6. HP: 32/32 MP: 7/7
   330 | D        | Found an ornate altar of the Wu Jian Council.
   330 | D        | Found a shimmering blue altar of Sif Muna.
   332 | D        | Found a radiant altar of Vehumet.
   375 | D        | Found Siurph's Book Emporium.
   375 | D        | Found an ancient bone altar of Kikubaaqudgha.
   375 | D        | Found a hazy altar of Hepliaklqana.
   375 | D        | Found a stormy altar of Qazlal.
   375 | D        | Found a hide-covered altar of Uskayaw.
   375 | D        | Found a blossoming altar of Fedhas.
   375 | D        | Found a bloodstained altar of Trog.
   375 | D        | Found an iron altar of Okawaru.
   375 | D        | Found a basalt altar of Yredelemnul.
   375 | D        | Found a glowing golden altar of the Shining One.
   375 | D        | Found a snail-covered altar of Cheibriados.
   375 | D        | Found a sacrificial altar of Ru.
   375 | D        | Found a glowing silver altar of Zin.
   375 | D        | Found a shadowy altar of Dithmenos.
   375 | D        | Found a white marble altar of Elyvilon.
   375 | D        | Noticed a yak
   376 | D        | Found an opulent altar of Gozag.
   377 | D        | Killed a yak
   378 | D        | Reached skill level 17 in Stealth
   395 | D        | Found a burning altar of Makhleb.
   395 | D        | Found a viscous altar of Jiyva.
   395 | D        | Found a shimmering altar of Xom.
   395 | D        | Found a corrupted altar of Lugonu.
   395 | D        | Noticed a slime creature
   398 | D        | Killed a slime creature
   399 | D        | Reached skill level 5 in Dodging
   399 | D        | Reached skill level 18 in Stealth
   399 | D        | Reached XP level 7. HP: 37/37 MP: 8/8
   411 | D        | Noticed a kobold demonologist
   412 | D        | Noticed a kobold demonologist
   414 | D        | Killed a kobold demonologist
   415 | D        | Reached skill level 5 in Short Blades
   415 | D        | Reached skill level 20 in Stealth
   417 | D        | Killed a kobold demonologist
   418 | D        | Reached skill level 21 in Stealth
   418 | D        | Reached XP level 8. HP: 42/42 MP: 9/9
   461 | D        | Found a sparkling altar of Nemelex Xobeh.
   487 | D        | Noticed Sonja
   501 | D        | Killed Sonja
   502 | D        | Reached skill level 22 in Stealth
   888 | D        | Found Putejega's Jewellery Boutique.
   897 | D        | Noticed a shining eye
   897 | D        | Noticed a shining eye
   897 | D        | Noticed a shining eye
   897 | D        | Noticed a shining eye
   897 | D        | Noticed a shining eye
   897 | D        | Noticed a shining eye
   900 | D        | Reached skill level 23 in Stealth
   900 | D        | Paralysed by a floating eye for 3 turns
   906 | D        | Paralysed by a floating eye for 3 turns
   910 | D        | Gained mutation: You are weak. (Str -2) [a shining eye]
   914 | D        | Paralysed by a floating eye for 3 turns
   916 | D        | Gained mutation: You are frail. (-10% HP) [a shining eye]
   919 | D        | Reached XP level 9. HP: 41/41 MP: 10/10
   921 | D        | Paralysed by a floating eye for 2 turns
   921 | D        | Gained mutation: Your body sometimes deteriorates upon
                  | taking damage. [a shining eye]
   921 | D        | Gained mutation: Your spells are a little easier to cast,
                  | but a little less powerful. [a shining eye]
   926 | D        | Gained mutation: You occasionally lose the ability to drink
                  | potions when taking damage. [a shining eye]
   927 | D        | Lost mutation: You are weak. (Str -2) [a shining eye]
   931 | D        | Paralysed by a floating eye for 3 turns
   932 | D        | Gained mutation: You occasionally lose the ability to read
                  | scrolls when taking damage. [a shining eye]
   934 | D        | Gained mutation: Your body often deteriorates upon taking
                  | damage. [a shining eye]
   938 | D        | Gained mutation: You have hidden genetic defects. [a
                  | shining eye]
   939 | D        | Paralysed by a floating eye for 3 turns
   940 | D        | Gained mutation: You sometimes lose the ability to drink
                  | potions when taking damage. [a shining eye]
   940 | D        | Gained mutation: You are clumsy. (Dex -2) [a shining eye]
   948 | D        | Paralysed by a floating eye for 4 turns
   949 | D        | Gained mutation: You sometimes lose your temper in combat.
                  | [a shining eye]
   953 | D        | Gained mutation: You are vulnerable to cold. (rC-) [a
                  | shining eye]
   955 | D        | Gained mutation: You are very clumsy. (Dex -4) [a shining
                  | eye]
   956 | D        | Gained mutation: You occasionally shout uncontrollably at
                  | your foes. [a shining eye]
   958 | D        | Gained mutation: You are dopey. (Int -2) [a shining eye]
   961 | D        | Paralysed by a floating eye for 4 turns
   962 | D        | Gained mutation: You are vulnerable to heat. (rF-) [a
                  | shining eye]
   969 | D        | Gained mutation: Armour fits poorly on your strangely
                  | shaped body. [a shining eye]
   971 | D        | Killed a shining eye
   971 | D        | Paralysed by a floating eye for 2 turns
   972 | D        | Reached skill level 5 in Fighting
   972 | D        | Reached skill level 24 in Stealth
   974 | D        | Lost mutation: You are frail. (-10% HP) [a shining eye]
   978 | D        | Gained mutation: You sometimes lose the ability to read
                  | scrolls when taking damage. [a shining eye]
   979 | D        | Gained mutation: You are frail. (-10% HP) [a shining eye]
   980 | D        | Paralysed by a floating eye for 4 turns
   985 | D        | Gained mutation: Potions are less effective at restoring
                  | your health. [a shining eye]
   987 | D        | Gained mutation: You have an uncontrollable temper. [a
                  | shining eye]
   991 | D        | Paralysed by a floating eye for 2 turns
   992 | D        | Lost mutation: You are vulnerable to heat. (rF-) [a shining
                  | eye]
   994 | D        | Gained mutation: You have terrible hidden genetic defects.
                  | [a shining eye]
   995 | D        | Gained mutation: Your magical capacity is low. (-10% MP) [a
                  | shining eye]
   995 | D        | Gained mutation: You do not regenerate when monsters are
                  | visible. [a shining eye]
   996 | D        | Gained mutation: Potions cannot restore your health. [a
                  | shining eye]
   997 | D        | Gained mutation: Your magical capacity is very low. (-20%
                  | MP) [a shining eye]
  1001 | D        | Gained mutation: You are very vulnerable to cold. (rC--) [a
                  | shining eye]
  1005 | D        | Killed a shining eye
  1005 | D        | Gained mutation: Your magical capacity is extremely low.
                  | (-30% MP) [a shining eye]
  1006 | D        | Paralysed by a floating eye for 4 turns
  1009 | D        | Lost mutation: You do not regenerate when monsters are
                  | visible. [a shining eye]
  1012 | D        | Gained mutation: You frequently scream uncontrollably at
                  | your foes. [a shining eye]
  1016 | D        | Gained mutation: You are weak. (Str -2) [a shining eye]
  1017 | D        | Gained mutation: Your spells are easier to cast, but less
                  | powerful. [a shining eye]
  1018 | D        | Killed a shining eye
  1019 | D        | Reached skill level 25 in Stealth
  1023 | D        | Gained mutation: You are very dopey. (Int -4) [a shining
                  | eye]
  1024 | D        | Gained mutation: You are very frail. (-20% HP) [a shining
                  | eye]
  1026 | D        | Gained mutation: You are very weak. (Str -4) [a shining
                  | eye]
  1027 | D        | Gained mutation: Your spells are much easier to cast, but
                  | much less powerful. [a shining eye]
  1028 | D        | Gained mutation: You are vulnerable to heat. (rF-) [hidden
                  | defects]
  1029 | D        | Gained mutation: You do not regenerate when monsters are
                  | visible. [a shining eye]
  1031 | D        | Gained mutation: You are extremely frail. (-30% HP) [a
                  | shining eye]
  1033 | D        | Gained mutation: You are very vulnerable to heat. (rF--) [a
                  | shining eye]
  1037 | D        | Gained mutation: You are extremely vulnerable to heat.
                  | (rF---) [a shining eye]
  1038 | D        | Gained mutation: You are extremely vulnerable to cold.
                  | (rC---) [a shining eye]
  1057 | D        | Lost mutation: Armour fits poorly on your strangely shaped
                  | body. [a shining eye]
  1059 | D        | Gained mutation: Armour fits poorly on your strangely
                  | shaped body. [a shining eye]
  1068 | D        | Killed a shining eye
  1069 | D        | Reached skill level 10 in Throwing
  1106 | D        | Killed a shining eye
  1107 | D        | Reached XP level 10. HP: 37/37 MP: 8/8
  1107 | D        | Noticed a shining eye
  1107 | D        | Noticed a shining eye
  1121 | D        | Killed a shining eye
  1122 | D        | Reached skill level 10 in Short Blades
  1122 | D        | Reached skill level 26 in Stealth
  1134 | D        | Killed a shining eye
  1157 | D        | Killed a shining eye
  1971 | D        | Found Xytusuink's Distillery.
  1971 | D        | Found Faohoa's Assorted Antiques.
  1971 | D        | Found Vioth's Magic Scroll Emporium.
  1971 | D        | Found Sevuelod's Antique Weapon Boutique.
  1977 | D        | Bought a potion of curing for 33 gold pieces
  1977 | D        | Bought a potion of lignification for 33 gold pieces
  1977 | D        | Bought a potion of heal wounds for 55 gold pieces
  1988 | D        | Bought a brightly glowing rapier for 216 gold pieces
  1988 | D        | Identified the +8 rapier of Causality {flame, rPois rF+++
                  | rC- Stlth+} (You bought it in a shop in the Dungeon)
  1988 | D        | Bought a scroll labelled LEANENO ISCHOME for 24 gold pieces
  1988 | D        | Bought a green potion for 21 gold pieces
  1988 | D        | Bought a lumpy red potion for 21 gold pieces
  2010 | D        | Lost mutation: You are very clumsy. (Dex -4) [potion of
                  | mutation]
  2010 | D        | Lost mutation: You frequently scream uncontrollably at your
                  | foes. [potion of mutation]
  2012 | D        | Lost mutation: You do not regenerate when monsters are
                  | visible. [potion of mutation]
  2012 | D        | Lost mutation: You sometimes lose the ability to read
                  | scrolls when taking damage. [potion of mutation]
  2012 | D        | Lost mutation: You are very weak. (Str -4) [potion of
                  | mutation]
  2012 | D        | Lost mutation: You are extremely vulnerable to cold.
                  | (rC---) [potion of mutation]
  2167 | D        | Noticed a centaur warrior
  2169 | D        | Noticed a centaur warrior
  2174 | D        | Killed a centaur warrior
  2175 | D        | Killed a centaur warrior
  2176 | D        | Reached skill level 27 in Stealth
  2187 | D        | Gained mutation: You are very weak. (Str -4) [hidden
                  | defects]
  2187 | D        | Lost mutation: You have terrible hidden genetic defects.
                  | [hidden defects expressed]
  2209 | D        | Noticed an oklob plant
  2211 | D        | Killed an oklob plant
  2247 | D        | Reached XP level 11. HP: 42/42 MP: 8/8
  2281 | D        | Gained mutation: You sometimes lose the ability to read
                  | scrolls when taking damage. [hidden defects]
  2282 | D        | Reached skill level 15 in Short Blades
  2560 | D        | Found Sian Voe's Distillery.
  2560 | D        | Found Gaener's Magic Scroll Shop.
  2560 | D        | Found Mutiozel's Distillery.
  2562 | D        | Found Buaret's Antique Armour Emporium.
  2562 | D        | Found Relown's Jewellery Shop.
  2562 | D        | Found Iphusk's Weapon Shoppe.
  2562 | D        | Found Ajaa's Antique Armour Boutique.
  2562 | D        | Found Iriqeowk's Armour Emporium.
  2562 | D        | Found Yhanlupt's General Store.
  2562 | D        | Found Ipnykask's General Store.
  2565 | D        | Found Binaicix's Assorted Antiques.
  2566 | D        | Found Ifinnetz's Distillery.
  2566 | D        | Found Canuidih's Antique Armour Boutique.
  2567 | D        | Found Kum Vepsups's Magic Scroll Emporium.
  2585 | D        | Bought a +6 ring of strength for 360 gold pieces
  2585 | D        | Bought an amulet of guardian spirit for 300 gold pieces
  2632 | D        | Bought a potion of mutation for 88 gold pieces
  2632 | D        | Lost mutation: Your body often deteriorates upon taking
                  | damage. [potion of mutation]
  2632 | D        | Lost mutation: You are extremely frail. (-30% HP) [potion
                  | of mutation]
  2632 | D        | Gained mutation: You have a pair of small horns on your
                  | head. [potion of mutation]
  2728 | D        | Noticed a deep troll
  2732 | D        | Killed a deep troll
  2764 | D        | Found Esmexoh's Armour Emporium.
  3126 | D        | Mangled by a demonic crawler

Illustrated notes

Levels and vault maps discovered:
D:        dungeon_sprint_1 [red_sonja_temple_1, red_sonja_temple_small_1]

Skill      XL: |  1  2  3  4  5  6  7  8  9 10 11 |
---------------+----------------------------------+-----
Fighting       | 2 3 4 5 7 8 |  8.5
Throwing       | 3 4 6 7 8 9 10 | 10.1
Stealth        | 9 12 15 18 21 23 25 27 | 27.0
Short Blades   | 3 4 5 6 9 14 16 | 16.0
Dodging        | 2 3 5 6 7 8 9 |  9.5
Evocations     | |  0.6

Action                     |  1- 3 |  4- 6 |  7- 9 | 10-12 || total
---------------------------+-------+-------+-------+-------++-------
  Melee: Dagger            |     1 |    50 |   182 |    47 ||   280
         Punch             |       |     1 |     3 |     3 ||     7
         Rapier            |       |       |       |    73 ||    73
         Headbutt          |       |       |       |     3 ||     3
  Throw: Dart              |    12 |       |       |       ||    12
  Evoke: Wand              |       |       |       |     1 ||     1
    Use: Potion            |       |     1 |     1 |     4 ||     6
         Scroll            |       |       |       |     1 ||     1
   Stab: Sleeping          |     1 |     3 |     4 |     9 ||    17
         Distracted        |       |       |       |     1 ||     1
 Armour: Robe              |       |     1 |       |     3 ||     4
  Dodge: Dodged            |     5 |    23 |    16 |    47 ||    91

Table legend: (Time is in decaauts)
 A = Elapsed time spent in this place.
 B = Non-inter-level travel time spent in this place.
 C = Inter-level travel time spent in this place.
 D = Time resting spent in this place.
 E = Time spent auto-exploring this place.
 F = Levels seen in this place.
 G = Mean time per level.
                   A        B        C        D        E       F      G
               +--------+--------+--------+--------+--------+-----+--------+
         Total |   2755 |   2650 |    105 |   1781 |    113 |   1 | 2755.0 |
       Dungeon |   2755 |   2650 |    105 |   1781 |    113 |   1 | 2755.0 |
               +--------+--------+--------+--------+--------+-----+--------+

Top non-repeatable levels by time:
       D: 2755 daAuts
